Cogmind - Beta 17 @@@ ROGUE MODE // 2026.07.25 @ 17:12:49 Player: LandRaider Result: Destroyed by YI-UF0 with YI-UF0's Doublenader Performance ------------- Evolutions (0) 0 Regions Visited (2) 400 Robots Destroyed (15) 75 Value Destroyed (314) 314 Prototype IDs (2) 40 Alien Tech Used (0) 0 Bonus (0) 0 TOTAL SCORE: 829 Bonus ------- None Cogmind --------- Core Integrity 0/250 Matter 263/300 Energy 80/100 System Corruption 1% Temperature Cool (0) Movement Treading (160) Location -10/Mines Parts ------- > --- POWER (1) -------- (None) > --- PROPULSION (2) --- Light Treads > --- UTILITY (2) ------ Medium Storage Unit > --- WEAPON (2) ------- Small Laser > --- INVENTORY (10) --- Light Nuclear Core Aluminum Leg Aluminum Leg Wheel Compact Matter Pod (150) Structural Scanner Light Assault Rifle Peak State ------------ > --- POWER ------------ Ion Engine > --- PROPULSION ------- Compact Wheel Compact Wheel > --- UTILITY ---------- Heat Sink Medium Storage Unit > --- WEAPON ----------- Small Laser Assault Rifle > --- INVENTORY -------- Ion Engine Light Treads Light Treads Aluminum Leg Aluminum Leg Wheel Structural Scanner Small Laser Light Assault Rifle Grenade Launcher [Rating: 8] Favorites ----------- Power Ion Engine Engine Ion Engine Propulsion Light Treads Treads Light Treads Wheel Compact Wheel Utility Medium Storage Unit Device Heat Sink Storage Medium Storage Unit Weapon Assault Rifle Energy Gun Small Laser Ballistic Gun Assault Rifle Launcher Grenade Launcher Build | -11 -10 -10 ------- Run | Yrd Mat Min Slots Evolved . | . . . Power . | . . . Propulsion . | . . . Utility . | . . . Weapon . | . . . Parts Attached 18 | 6 10 2 Power 3 | 1 1 1 Engine 3 | 1 1 1 Core . | . . . Reactor . | . . . Propulsion 5 | 2 3 . Treads 2 | . 2 . Leg . | . . . Wheel 3 | 2 1 . Hover . | . . . Flight . | . . . Utility 3 | 1 2 . Device 1 | . 1 . Storage 2 | 1 1 . Processor . | . . . Hackware . | . . . Protection . | . . . Artifact . | . . . Weapon 7 | 2 4 1 Energy Gun 2 | 1 1 . Energy Cannon . | . . . Ballistic Gun 3 | 1 2 . Ballistic Cannon . | . . . Launcher 2 | . 1 1 Special Weapon . | . . . Impact Weapon . | . . . Slashing Weapon . | . . . Piercing Weapon . | . . . Special Melee Weapon . | . . . Unidentified Prototypes . | . . . Parts Lost 5 | . . 5 Power 1 | . . 1 Propulsion 1 | . . 1 Utility 1 | . . 1 Weapon 2 | . . 2 Highest Loss Streak 5 | . . 5 To Critical Strikes . | . . . Average Backups 8 | 2 7 9 Power 1 | . 1 1 Propulsion 3 | 2 4 3 Utility 1 | . . 1 Weapon 2 | . 2 2 Tool/Special . | . . . Unused Backups 7 | . 1 6 Power 2 | . 1 1 Propulsion 2 | . . 2 Utility 3 | . . 3 Weapon . | . . . Tool/Special . | . . . Average Slot Usage (%) 96 | . 91 100 Engine 13 | . 13 14 Treads 17 | . 4 28 Wheel 10 | . 22 . Device 11 | . 7 14 Storage 14 | . 14 14 Energy Gun 13 | . 13 13 Ballistic Gun 13 | . 13 14 Peak Build Rating 8 | 6 8 8 Average Rating 7 | 3 6 7 On Entrance 4 | . 6 7 Avg Prop Armor Cover (%) . | . . . Naked Turns . | . . . Heaviest Build 21 | 11 21 21 Greatest Support 40 | 26 40 40 Greatest Overweight (x) 3 | 3 . . Average Overweight (x) . | . . . Largest Inventory Capacity 10 | 8 10 10 Average Capacity 9 | 7 9 10 Most Carried 10 | 6 10 10 Average Carried 8 | 3 7 9 Final Capacity 10 | 8 10 10 Final Carried 8 | 6 8 7 Class Distribution -------------------- 100% | Mutant Dominant Class ---------------- Mutant | -10/Materials Mutant | -10/Mines Resources | -11 -10 -10 ----------- Run | Yrd Mat Min Matter Collected 539 | 232 123 184 Remotely . | . . . Salvage Created 487 | . 383 104 Parts 38 | . 29 9 Haulers Intercepted 1 | . 1 . Recyclers Shooed 1 | . 1 . Parts Field Recycled . | . . . Retrieved Matter . | . . . Parts Self-Destructed . | . . . Prevented . | . . . Parts Restored . | . . . Kills | -11 -10 -10 ------- Run | Yrd Mat Min Combat Hostiles Destroyed 12 | . 8 4 Guns 10 | . 6 4 AOE 2 | . 2 . Classes Destroyed 5 | . 5 . Hauler 1 | . 1 . Recycler 1 | . 1 . Operator 1 | . 1 . Swarmer 6 | . 3 3 Grunt 6 | . 5 1 Best Kill Streak 4 | . 4 3 Combat Bots Only 4 | . 4 3 Max Kills in Single Turn 1 | . 1 1 Gunslinging . | . . . Exploded 1 | . 1 . Melee . | . . . Uniques/NPCs Destroyed . | . . . Combat | -11 -10 -10 -------- Run | Yrd Mat Min Hostile Shots Fired 77 | . 16 61 Missed 20 | . 3 17 Hits 57 | . 13 44 Projectile 57 | . 13 44 AOE 18 | . . 18 Critical Strikes 2 | . 1 1 Damage Taken 1050 | . 127 923 Core 269 | . 33 236 Absorbed by Shields . | . . . Core Remaining (%) 100 | 100 . . Volleys Fired 45 | . 25 20 Largest 2 | . 2 2 Hottest 60 | . 60 60 Shots Fired 82 | . 46 36 Gun 77 | . 43 34 Cannon . | . . . Launcher 5 | . 3 2 Special . | . . . Kinetic 39 | . 21 18 Thermal 38 | . 22 16 Explosive 5 | . 3 2 Electromagnetic . | . . . Robot Hit Streak 10 | . 10 8 Robot Miss Streak 8 | . 3 8 Penetration Max . | . . . Secondary Targets 2 | . . 2 Max Gunslinging Chain 1 | . . 1 Shots Hit Robots 47 | . 31 16 Core Hits 29 | . 22 7 Critical Kills 1 | . 1 . Critical Parts Destroyed . | . . . Critical Strikes 1 | . 1 . Destroy 1 | . 1 . Melee Attacks . | . . . Impact . | . . . Slashing . | . . . Piercing . | . . . Sneak Attacks . | . . . Combat Hostiles . | . . . Follow-up Attacks . | . . . Damage Inflicted 689 | . 491 198 Guns 526 | . 335 191 Cannons . | . . . Explosions 163 | . 156 7 Melee . | . . . Ramming . | . . . Kinetic 279 | . 168 111 Thermal 247 | . 167 80 Explosive 163 | . 156 7 Electromagnetic . | . . . Impact . | . . . Slashing . | . . . Piercing . | . . . Highest Corruption 1 | . 1 1 Average Corruption 1 | . 1 1 Corruption Purged . | . . . Corruption Blocked . | . . . Effects 3 | . 1 2 Message Errors 1 | . . 1 Matter Fused 1 | . . 1 Data Loss (minor) 1 | . 1 . Overload Shots . | . . . Overflow Damage . | . . . Projectiles . | . . . Explosions . | . . . Melee . | . . . Knockbacks . | . . . Impact . | . . . Kinetic . | . . . Secondary . | . . . Self-Inflicted Damage . | . . . Shots . | . . . Rammed 1 | . . 1 Targets Rammed 1 | . . 1 Kicked . | . . . Crushed . | . . . Highest Temperature 46 | . 46 17 Average Temperature 18 | . 20 12 Received Heat Transfer 120 | . 48 72 Siege Activations . | . . . Martial Activations . | . . . Shielding Activations . | . . . Robots Disrupted . | . . . Combat Hostiles . | . . . Robots Corrupted . | . . . Combat Hostiles . | . . . Parts Fried . | . . . Impact Corruptions . | . . . Robots Melted . | . . . Combat Hostiles . | . . . Parts Melted . | . . . Heat Transferred 550 | . 375 175 Parts Sabotaged . | . . . Parts Stolen . | . . . Parts Stripped . | . . . Power Chain Reactions . | . . . Alert | -11 -10 -10 ------- Run | Yrd Mat Min Maximum Alert Level . | . . . Low Security (%) 100 | 100 100 100 Level 1 . | . . . Level 2 . | . . . Level 3 . | . . . Level 4 . | . . . Level 5 . | . . . High Security . | . . . Max Security . | . . . Peak Influence 148 | . 148 62 Initial 47 | . . 47 Average 29 | . 47 17 Influence Increases 374 | . 255 119 Destroy 0b10 Robot/C 240 | . 160 80 Destroy 0b10 Robot/NC 15 | . 15 . Destroy Leader 52 | . 32 20 Successful Hack 39 | . 39 . Destroy Structure 13 | . 9 4 Lose Combat Pursuer 15 | . . 15 Influence Decreases 374 | . 132 242 Entered New Map 76 | . . 76 Time Decay 256 | . 132 124 Lost Part 42 | . . 42 Squads Dispatched 3 | . 3 . Investigation 3 | . 3 . Extermination . | . . . Reinforcement . | . . . Assault . | . . . Garrison . | . . . Intercept . | . . . Searches Triggered . | . . . Construction Impeded . | . . . Haulers Reinforced . | . . . Active Scanning Responses . | . . . Cargo Convoy Interrupts . | . . . Stealth | -11 -10 -10 --------- Run | Yrd Mat Min Distress Signals 1 | . 1 . Communications Jammed . | . . . Distress Signals . | . . . Times Spotted 17 | . 11 6 Peak Tracking Total 4 | . 4 3 Tactical Retreats 1 | . . 1 Traps | -11 -10 -10 ------- Run | Yrd Mat Min Traps Triggered 3 | . 3 . Indirectly . | . . . Trap Hack Attempts . | . . . Triggered . | . . . Disarmed . | . . . Reprogrammed . | . . . Reused . | . . . Traps Extracted . | . . . Installed . | . . . Triggered . | . . . Machines | -11 -10 -10 ---------- Run | Yrd Mat Min Machines Disabled . | . . . Max in Single Turn . | . . . Machines Repaired . | . . . Machines Dismantled . | . . . Machines Sabotaged . | . . . Overloaded Fab Kills . | . . . Hacking | -11 -10 -10 --------- Run | Yrd Mat Min Machines Accessed 7 | . 7 . Terminals 6 | . 6 . Fabricators . | . . . Repair Stations . | . . . Recycling Units 1 | . 1 . Scanalyzers . | . . . Garrison Access . | . . . Total Hacks 28 | . 28 . Successful 16 | . 16 . Failed 12 | . 12 . Catastrophic . | . . . Database Lockouts . | . . . Manual . | . . . Terminals 27 | . 27 . Fabricators . | . . . Repair Stations . | . . . Recycling Units 1 | . 1 . Scanalyzers . | . . . Garrison Access . | . . . Terminal Hacks 15 | . 15 . Record 7 | . 7 . Prototype ID Bank 1 | . 1 . Terminal Index 1 | . 1 . Scanalyzer Index 1 | . 1 . Alert Level 1 | . 1 . Locate Traps 1 | . 1 . Dispatch Records 2 | . 2 . Zone Layout 1 | . 1 . Fabricator Hacks . | . . . Repair Station Hacks . | . . . Recycling Unit Hacks 1 | . 1 . Report Inventory 1 | . 1 . Scanalyzer . | . . . Garrison Access Hacks . | . . . Unauthorized Hacks . | . . . Terminals . | . . . Fabricators . | . . . Repair Stations . | . . . Recycling Units . | . . . Scanalyzers . | . . . Garrison Access . | . . . Data Cores Recovered . | . . . Used . | . . . Hacking Detections 6 | . 6 . Full Trace Events 6 | . 6 . Feedback Events 1 | . 1 . Corruption 1 | . 1 . Feedback Blocked . | . . . Robot Schematics Acquired . | . . . Robots Built . | . . . Authchips . | . . . Time . | . . . Total Robot Build Rating . | . . . Part Schematics Acquired . | . . . Parts Built . | . . . Authchips . | . . . Time . | . . . Total Part Build Rating . | . . . Part Studies Acquired . | . . . Parts Repaired . | . . . Time . | . . . Parts Recycled . | . . . Recycled Matter . | . . . Retrieved Matter . | . . . Retrieved Components . | . . . Parts Scanalyzed . | . . . Part Schematics Acquired . | . . . Parts Damaged . | . . . Bothacking | -11 -10 -10 ------------ Run | Yrd Mat Min Used RIF Installer . | . . . Robots Hacked . | . . . Non-combat . | . . . Combat . | . . . Robot Hacks Applied . | . . . Relay Couplers Released . | . . . Fabnet Peak Effective % . | . . . Robots Rewired . | . . . Allies Hacked . | . . . Hacks Repelled . | . . . Allies | -11 -10 -10 -------- Run | Yrd Mat Min Total Allies . | . . . Largest Group . | . . . Highest-Rated Group . | . . . Highest-Rated Ally . | . . . Total Orders . | . . . Ally Attacks . | . . . Total Damage . | . . . Kills . | . . . Allies Corrupted . | . . . Allies Melted . | . . . Intel | -11 -10 -10 ------- Run | Yrd Mat Min Active Infowar (turns) . | . . . Robot Analysis Total . | . . . Derelict Logs Recovered . | . . . Drone Launches . | . . . Drone Recoveries . | . . . Exploration | -11 -10 -10 ------------- Run | Yrd Mat Min Turns Passed 988 | 63 415 510 Spaces Moved 612 | 46 299 267 Core 19 | 19 . . Treads 307 | . 40 267 Legs . | . . . Wheels 286 | 27 259 . Hover . | . . . Flight . | . . . Fastest Speed 50 | 50 90 160 Average Speed 126 | 98 101 160 Slowest Speed 200 | 200 160 160 Overloaded Moves . | . . . Propulsion Burnouts . | . . . Robots Hopped . | . . . Potential Cave-ins . | . . . Cave-ins Triggered . | . . . Exploration Rate (%) 39 | 3 63 52 Regions Visited 2 Branch Regions 1 Pre-discovered Areas . | . . . Known Exits Taken . | . . . Unknown Exits Taken 2 | 1 1 . Scrap Searched . | . . . Spaces Dug . | . . . Terrain Destroyed 21 | . 13 8 Melee . | . . . Projectile . | . . . AOE 21 | . 13 8 Terrain Rammed . | . . . Walls Destroyed . | . . . Machines Disabled . | . . . Actions | -11 -10 -10 --------- Run | Yrd Mat Min Total 745 | 63 367 315 Wait 24 | . 9 15 Move 610 | 45 298 267 Hop . | . . . Pick Up 28 | 12 12 4 Fast Attach 3 | . 3 . Attach 18 | 6 9 3 Detach 2 | . 2 . Swap 4 | . 3 1 Drop 10 | . 6 4 Fire 45 | . 25 20 Melee . | . . . Ram . | . . . Kick . | . . . Crush 1 | . . 1 Escape Stasis . | . . . Rewire . | . . . Trap . | . . . Miscellaneous . | . . . Route ------- -11/Scrapyard -10/Materials (discovered 2 exits: [Mat] / [*Min]) -10/Mines (discovered 2 exits: [*Mat] / [*Exi]) History --------- Turn | Location | Event 6 | -11/Scrapyard | Discovered new exit (range 15) 64 | -11/Scrapyard | Entered Materials 152 | -10/Materials | Discovered new exit (range 14) 181 | -10/Materials | Discovered new exit (range 15) 315 | -10/Materials | Build established: Mutant 479 | -10/Materials | Entered Mines 619 | -10/Mines | YI-UF0 nonchalantly dropped a Grenade Launcher on the ground 619 | -10/Mines | Discovered new exit (range 15) 794 | -10/Mines | Deemed a non-threat by the Exiles lab entrance 794 | -10/Mines | Discovered new exit (range 5) 962 | -10/Mines | Core integrity fell below 50% 989 | -10/Mines | Destroyed by YI-UF0 with YI-UF0's Doublenader Last Messages --------------- 00824_ Slammed into K-01 Serf. [Achievement: For Emergencies Only] 00901_ S-10 Pest destroyed. 00901_ Switching to secondary target: S-10 Pest. 00919_ S-10 Pest destroyed. 00919_ Switching to secondary target: S-10 Pest. 00922_ S-10 Pest destroyed. 00925_ Acquired 16 matter. 00927_ Dropped Ion Engine. 00928_ Dropped Sml. Laser. 00931_ Acquired 19 matter. 00952_ The unstable cave ceiling collapses. 00981_ Assault Rifle destroyed. 00983_ The unstable cave ceiling collapses. 00983_ Ion Engine destroyed. 00985_ The unstable cave ceiling collapses. 00985_ Grenade Launcher destroyed. 00985_ Lgt. Treads destroyed. 00985_ Heat Sink destroyed. 00988_ The unstable cave ceiling collapses. Map ----- +----------------------------------------------------+ | ????????????????????????????????????????????????? | | ????????????????????????????????????????????????? | | ????????????????????????????????????????????????? | | ????????????????????????????????????????????????? | | ????????????????????????????????????????????????? | | ????????????????????????????????????????????????? | | ????????????????????????????????????????????????? | | ????????????????????????????????????????????????? | | ????????????????????????????????????????????????? | | ????????????????????????????????????????????????? | | ????????????????????????????????????????????????? | | ????????????????????????????????????????????????? | | ????????????????????????????????????????????????? | | ????????????????????????????????????????????????? | | ????????????????????????????????????????????????? | | ????????????????????????????????????????????????? | | ????????????????????????????????????????????????? | | ????????????????????????????????????????????????? | | ????????????????????????????????????????????????? | | ??????????????????????????????????????#?????????? | | ????????????????????#####?##????????? #?????????? | | ?????????###??????### ## ##?####### #?????????? | | ???????### #?????## #?# #?????????? | | ??????## #?????# ## ###???????? | | ??????# #?????# #???????? | | ??????# #########[ @ #???????? | | ?????## % # g ? | | ?????# | | ???# ######## # # # | | ??# #??????###[######## # ? | | ??# #????????#=#????????## ? | | ??## #??####### #######??? # ## ? ? | | ???##### ##??# ####??? ????? | | ???????####???# #############???# #???????????? | | ??????????????# #???????????????#####???????????? | | ????????????### #???????????????????????????????? | | ???##???##### #?????????????#########?????????? | | ???#<#### ###????????????## #?????????? | | ???# ## ### #??????????????# !! #?????????? | | ???### #?# #????###???????# ! #?????????? | | ?????### ##?# #???# ###?????## ! ! ##????????? | | ???????###?## #??? ##?????## !! ##???????? | | ???#####??## ##?# #??????# ##??????? | | ??## ### ## ##??##?###### #??????? | | ??# ### ??????## ######## | | ??# ??????## | | ??# ?????## ####=### | | ??## ####### ????## #??#%### | | ???#### ##???????# #????# #??# | | ??????## ###????????# #????# ##??##### | +----------------------------------------------------+ Best States ------------- Heat Dissipation 35 Energy Generation 10 Energy Capacity 250 Matter Stores 300 Matter Capacity 300 Sight Range 16 Terrain Scan Density 10 Evasion (%) 50 Recoil Reduction 2 Item Schematics ----------------- None Robot Schematics ------------------ None Fabricated ------------ Nothing Repaired ---------- Nothing Studied --------- None Alien Tech Used ----------------- None Achievements -------------- For Emergencies Only Challenges ------------ None Game ------ Seed GrenadeDecoderCharge Manual? 0 Play Time 00:24:47 Cumulative 7.5 hours Start 2026.07.25 @ 16:47:36 End 2026.07.25 @ 17:12:49 Sessions 1 Manual Loads 0 Difficulty Rogue Special Mode None Game No. 3 Rogue 1 Adventurer 2 Explorer 0 Win Type - Total 0 Types 0/0/0/0/0/0/0/0/0/0 Lore% 2 Gallery% 8 Achievement% 8 Wizard Run 0 Options --------- Layout 1 ASCII 0 Keyboard 0 Movement Mouse Keybinds 0 Fullscreen 2 Font 32/SmallcapsGlow Map View 50x35 Zoom Use 0% Tactical HUD 1 Map Filters NONE Filters NONE Steam 1 RUN: 6fdb0641-771a-46f3-a54d-05ccce6a0dde